 Dungeon Crawl Stone Soup version 0.28-a0-1038-g9c4cb8273d (webtiles) character file.

Game seed: 18136632000097248646

359 emperorscorpion the Magician (level 6, 0/42 HPs)
             Began as a Djinni Summoner on Dec 8, 2021.
             Killed by divine providence
             ... invoked by an orc priest
              (8 damage)
             ... on level 4 of the Dungeon.
             The game lasted 00:11:58 (4138 turns).

emperorscorpion the Magician (Djinni Summoner)      Turns: 4138, Time: 00:12:00

Health: 0/42       AC:  2    Str:  4 (7)  XL:     6   Next: 98%
Gold:   139        EV: 12    Int: 17 (19) God:
                   SH:  0    Dex: 10 (13)

rFire   + + .      SeeInvis .   b - +0 spear
rCold   x . .      Faith    +   (no shield)
rNeg    . . .      Spirit   .   j - +0 robe
rPois   ∞          Reflect  .   (no helmet)
rElec   .          Harm     .   (no cloak)
rCorr   .          Rampage  .   (no gloves)
Will    .....                   (boots unavailable)
Stlth   ++........              c - amulet of faith
HPRegen 0.14/turn               (no ring)
MPRegen 0.00/turn               (no ring)

@: brilliant, flying
A: sickness immunity, fire resistance 2, cold vulnerability 1, float, innate
caster, hp casting, extra vitality 1
a: no special abilities


You were on level 4 of the Dungeon.
You visited 1 branch of the dungeon, and saw 4 of its levels.

You collected 139 gold pieces.

Inventory:

Hand Weapons
 a - a +0 short sword of freezing
 b - a +0 spear (weapon)
 k - a +0 whip
 q - a +2 mace of venom
Missiles
 e - 9 boomerangs
 u - 14 poisoned darts
Armour
 j - a +0 robe (worn)
 r - a +0 kite shield
Jewellery
 c - an amulet of faith (around neck)
Wands
 p - a wand of polymorph (3)
Scrolls
 d - a scroll of enchant weapon {unknown}
 g - 2 scrolls of magic mapping {unknown}
 l - a scroll of immolation {unknown}
 n - a scroll of identify {unknown}
 o - a scroll of fear {unknown}
 s - a scroll of amnesia {unknown}
Potions
 i - a potion of cancellation
 t - a potion of curing {unknown}


   Skills:
 + Level 1.2 Fighting
 - Level 0.6 Maces & Flails
 + Level 1.6 Polearms
 + Level 2.6 Dodging
 - Level 1.5 Stealth
 + Level 5.4 Spellcasting


You couldn't memorise any spells.
You knew the following spells:

 Your Spells              Type           Power      Damage    Failure   Level
a - Summon Small Mammal   Summ           100%       N/A       1%          1
b - Call Imp              Summ           34%        N/A       2%          2
c - Call Canine Familiar  Summ           34%        N/A       4%          3
d - Summon Guardian Gole  Hex/Summ       34%        N/A       4%          3
e - Summon Lightning Spi  Summ/Air       34%        N/A       14%         4
f - Beastly Appendage     Tmut           68%        N/A       1%          1
g - Searing Ray           Conj           68%        2d6       2%          2
Your spell library was empty.

Dungeon Overview and Level Annotations

Branches:
Dungeon (4/15)
 Temple: D:4-7

Altars:
Ashenzari


Innate Abilities, Weirdness & Mutations

You are immune to sickness and miasma.
You are immune to poison.
Your flesh is very heat resistant. (rF++)
You are vulnerable to cold. (rC-)
You float through the air rather than walking.
You learn spells naturally, not from books.
Your magical power is your life essence.
You have superior vitality. (+4 HP)


Message History

Casting: Summon Guardian Golem (dangerous; 3% risk of failure)
Confirm with . or Enter, or press ? or * to list all spells.
The orc wizard hits your lightning spire but does no damage.
Something barely misses your lightning spire.
The orc priest calls down the wrath of Beogh upon you.
Beogh smites you!
* * * LOW HITPOINT WARNING * * *
Your lightning spire shoots out a bolt of lightning at the orc wizard!
The bolt of electricity hits the orc wizard!
The bolt of electricity hits the orc!
The orc dies!
Unknown command.
It was a potion of degeneration.
There was something very wrong with that liquid.
You feel weakened.
You feel dopey.
You feel clumsy.
Something hits your lightning spire but does no damage.
The orc wizard hits your lightning spire with a +0 dagger.
The orc priest calls upon Beogh to heal the orc wizard.
The orc wizard is healed somewhat.
Something hits your lightning spire but does no damage.
Your lightning spire shoots out a bolt of lightning at the orc wizard!
The bolt of electricity hits the orc wizard!
Casting: Summon Small Mammal (safe; 1% risk of failure)
Press: ? - help, Q - select action, (/) - cycle Dir - look around, f - activate
Okay, then.
It was a potion of brilliance.
You feel clever all of a sudden.
Your hound closely misses the orc priest.
The orc wizard hits your lightning spire but does no damage.
Something hits your lightning spire but does no damage.
The orc priest hits your lightning spire but does no damage.
Your hound bites the orc priest.
It was a potion of flight.
You feel more buoyant.
Something hits your lightning spire but does no damage.
The orc wizard hits your lightning spire with a +0 dagger.
Your hound bites the orc priest.
The orc priest calls down the wrath of Beogh upon you.
Beogh smites you!
You die...

.#.........#
#....# +#
.##.#.###..#
###.##.#
.##.#.# #..#
#...##'##
§##.#.# #..#
#.#.#.).#
.##.#.# #..#
#.#'#...#'#
....#.# #..#
#.#.......#
#####.# #..#
#.###...###
......# #..#
#.# +...'.#
####### #@#
#####.#
#.8o.)# ...
#.9o..'..
..#
#.h...#.. .#
#'#.###
..#.' #####.
..


You could see an orc priest (ally target), an orc wizard (ally target), a
friendly guardian golem (summoned), a friendly lightning spire (summoned,
sheltered) and a friendly hound (summoned, sheltered).

Vanquished Creatures
  An orc priest (D:3)
  Terence (D:3)
  A gnoll (D:4)
  An adder (D:2)
  An adder skeleton (D:2)
  An orc (D:3)
  4 ball pythons
  2 bats (D:1)
  An endoplasm (D:1)
  3 goblins
  A hobgoblin (D:1)
  3 frilled lizards
  A kobold (D:2)
  A rat (D:3)
22 creatures vanquished.

Vanquished Creatures (collateral kills)
  A necrophage (D:4)
  A howler monkey skeleton (D:3)
  5 gnolls
  3 adders
  An ufetubus (D:3)
  A worm (D:3)
  2 dart slugs
  4 orcs
  5 bats
  6 endoplasms
  2 giant cockroaches (D:1)
  4 goblins
  2 hobgoblins
  6 jackals (D:1)
  8 kobolds
  6 ball pythons
  2 frilled lizards
  5 rats
64 creatures vanquished.

Vanquished Creatures (others)
  2 gnolls (D:2)
2 creatures vanquished.

Grand Total: 88 creatures vanquished

Notes
Turn   | Place    | Note
-------+----------+-------------------------------------------
     0 | D:1      | emperorscorpion the Djinni Summoner began the quest for the
                  | Orb.
     0 | D:1      | Reached XP level 1. HP: 15/15 MP: 0/0
   257 | D:1      | Reached XP level 2. HP: 13/21 MP: 0/0
   466 | D:1      | Found a faded altar of an unknown god.
   728 | D:1      | Reached XP level 3. HP: 21/25 MP: 0/0
   728 | D:1      | Learned a level 1 spell: Beastly Appendage
  1118 | D:1      | Reached skill level 4 in Spellcasting
  1743 | D:2      | Reached XP level 4. HP: 21/31 MP: 0/0
  1913 | D:2      | Reached XP level 5. HP: 19/36 MP: 0/0
  1913 | D:2      | Learned a level 2 spell: Searing Ray
  2615 | D:3      | Found a broken altar of Ashenzari.
  2826 | D:3      | Noticed Terence
  2855 | D:3      | Killed Terence
  3179 | D:3      | Reached XP level 6. HP: 38/41 MP: 0/0
  3269 | D:3      | Reached skill level 5 in Spellcasting
  3312 | D:3      | Reached skill level 1 in Polearms
  3559 | D:4      | Reached skill level 1 in Fighting
  4067 | D:4      | Noticed a necrophage
  4073 | D:4      | Killed a necrophage
  4138 | D:4      | Killed from afar by an orc priest

Illustrated notes

Levels and vault maps discovered:
D:1:      dpeg_arrival_long_road, layout_basic, ebering_ecumenical_altar_mist,
          hangedman_feature_mirror, minmay_pentomino_o2
D:2:      layout_basic, minmay_misc_feat_room
D:3:      layout_loops_cross, cheibrodos_ashenzari_chains, minmay_crystal_room,
          uniq_terence
D:4:      nicolae_cairo_tiling_large, layout_basic, kennysheep_okawaru_gauntlet,
          minmay_door_square

Skill      XL: |  1  2  3  4  5  6 |
---------------+-------------------+-----
Spellcasting   | 4 5 |  5.4
Polearms       | 1 |  1.6
Fighting       | 1 |  1.2
Maces & Flails | |  0.6
Dodging        | |  2.6
Stealth        | |  1.5

Action                   |  1- 3 |  4- 6 || total
-------------------------+-------+-------++-------
Melee: Unarmed           |     7 |       ||     7
       Whip              |    30 |     1 ||    31
       Spear             |       |    73 ||    73
 Cast: Summon Small Mamm |    18 |     1 ||    19
       Call Imp          |    10 |     1 ||    11
       Call Canine Famil |     6 |    21 ||    27
       Summon Guardian G |     2 |     7 ||     9
       Summon Lightning  |       |     5 ||     5
  Use: Potion            |     1 |     3 ||     4
 Stab: Sleeping          |     2 |     2 ||     4
Armor: Robe              |     7 |     4 ||    11
Dodge: Dodged            |    35 |    23 ||    58

Table legend: (Time is in decaauts)
 A = Elapsed time spent in this place.
 B = Non-inter-level travel time spent in this place.
 C = Inter-level travel time spent in this place.
 D = Time resting spent in this place.
 E = Time spent auto-exploring this place.
 F = Levels seen in this place.
 G = Mean time per level.
                   A        B        C        D        E       F      G
               +--------+--------+--------+--------+--------+-----+--------+
         Total |   4146 |   4079 |     67 |      0 |   3433 |   4 | 1036.5 |
       Dungeon |   4146 |   4079 |     67 |      0 |   3433 |   4 | 1036.5 |
               +--------+--------+--------+--------+--------+-----+--------+

Top non-repeatable levels by time:
     D:1: 1463 daAuts
     D:2: 1062 daAuts
     D:3: 1003 daAuts
     D:4: 616 daAuts
